 Dungeon Crawl Stone Soup version 0.30-a0-168-g0b976cbdc4 (webtiles) character file.

Game seed: 8126358336001347292

5840 qw the Cleaver (level 10, -3/64 HPs)
             Began as a Gargoyle Fighter on Sept 29, 2022.
             Slain by a large slime creature (17 damage)
             ... on level 9 of the Dungeon.
             The game lasted 00:03:08 (8977 turns).

qw the Cleaver (Gargoyle Fighter)                   Turns: 8977, Time: 00:03:09

Health: -3/64      AC: 23    Str: 28    XL:     10   Next: 80%
Magic:  0/10       EV:  8    Int:  8    God:
Gold:   508        SH:  5    Dex: 15    Spells: 9/9 levels left

rFire   . . .      SeeInvis .    Y - +3 broad axe
rCold   . . .      Faith    .    c - +0 buckler
rNeg    + . .      Spirit   +    m - +0 plate armour
rPois   inf        Reflect  .    (no helmet)
rElec   +          Harm     .    (no cloak)
rCorr   .          Rampage  .    r - +0 pair of gloves {Str+3}
Will    .....                    s - +0 pair of boots
Stlth   ..........               v - amulet of guardian spirit
HPRegen 0.20/turn                i - +6 ring of dexterity
MPRegen 0.12/turn                (no ring)

@: no status effects
A: sickness immunity, AC +7, negative energy resistance 1, electricity
resistance, torment resistance 1, petrification resistance
a: no special abilities


You were on level 9 of the Dungeon.
You visited 2 branches of the dungeon, and saw 10 of its levels.

You collected 557 gold pieces.
You spent 49 gold pieces at shops.


Innate Abilities, Weirdness & Mutations

You are immune to sickness and miasma.
Your stone body is resilient. (AC +7)
You are immune to poison.
You resist negative energy. (rN+)
You are resistant to electric shocks. (rElec)
You are resistant to unholy torment.
You are immune to petrification.


   Skills:
 + Level 8.3 Fighting
 - Level 11.0 Axes
 - Level 3.1 Throwing
 - Level 7.1 Armour
 - Level 2.0 Dodging
 - Level 5.0 Shields


You had 9 spell levels left.
You didn't know any spells.
Your spell library was empty.

Inventory:

Hand Weapons
 h - a +1 morningstar of draining
 Y - a +3 broad axe (weapon)
Missiles
 b - 5 javelins (quivered)
 o - 6 boomerangs
Armour
 c - a +0 buckler (worn)
 m - a +0 plate armour (worn)
 r - a +0 pair of gloves of strength (worn)
 s - a +0 pair of boots (worn)
Jewellery
 f - a ring of fire
 i - a +6 ring of dexterity (left hand)
 v - an amulet of guardian spirit (around neck)
Scrolls
 j - a scroll of identify
Potions
 a - 3 potions of cancellation
 d - 2 potions of might
 e - a potion of resistance
 g - 2 potions of mutation
 k - a potion of attraction {unknown}
 l - a potion of degeneration {unknown}
 p - a potion of lignification
 q - a potion of invisibility {unknown}
 t - a potion of haste {unknown}
 u - a potion of curing

Dungeon Overview and Level Annotations

Branches:
Dungeon (9/15)             Temple (1/1) D:5
   Lair: D:8-11         Orc: D:9-12

Altars:
Ashenzari
Cheibriados
Elyvilon
Fedhas
Gozag
Hepliaklqana
Kikubaaqudgha
Makhleb
Nemelex Xobeh
Okawaru
Qazlal
Ru
Sif Muna
Trog
Uskayaw
Vehumet
Wu Jian
Xom
Yredelemnul
Zin
The Shining One

Shops:
D:2 *

Annotations:
D:2 1 runed translucent door, Crazy Yiuf
D:5 2 transporters


Message History

The large slime creature is moderately wounded.
The large slime creature hits you!
Two slime creatures merge to form an enormous slime creature.
You slash the enormous slime creature!
The enormous slime creature is lightly wounded.
You slash the enormous slime creature!
The enormous slime creature is moderately wounded.
The enormous slime creature hits you!!!
Ouch! That really hurt!
You hear an angry buzzing noise.
8972 ||| DRINKING 2 potions of heal wounds.
You feel much better.
An enormous slime creature splits.
You slash the large slime creature!
The large slime creature is moderately wounded.
You barely miss the large slime creature.
The large slime creature hits you!
A large slime creature splits.
You hit the slime creature.
The slime creature is moderately wounded.
You slash the large slime creature! You hit the slime creature.
You block the large slime creature's attack.
The slime creature hits you! The slime creature hits you.
8975 ||| DRINKING potion of heal wounds.
You feel much better.
You block the large slime creature's attack.
The slime creature hits you but does no damage.
The slime creature hits you!
You slash the slime creature!
The slime creature is heavily wounded.
You barely miss the slime creature.
You hit the large slime creature but do no damage.
The large slime creature closely misses you.
The slime creature hits you!
The slime creature jiggles.
The slime creature hits you but does no damage.
You slash the slime creature!
The slime creature is almost dead.
You hit the slime creature. You hit the large slime creature.
The large slime creature hits you!!
You die...

#.... #.... #....
#..?. #.... .###
###( #....
.....#####.....
#.... #..JJJ..#
#.... #@# ##'## #.#
#.## #.# #..# #.#
##.# #.# ####'#
###.####### #.....
#.........#####.....
#.........##..'.....
#...)........##%...)


You could see a large slime creature and 2 slime creatures.

Vanquished Creatures
  Harold (D:9)
  A centaur warrior (D:9)
  A troll (D:9)
  2 slime creatures (D:9)
  A wyvern (D:8)
  5 yaks (D:9)
  3 steam dragons
  2 water moccasins
  3 orc warriors
  3 ice beasts
  A sky beast (D:8)
  A black bear (D:5)
  An ogre (D:4)
  3 centaurs
  3 kobold brigands (D:6)
  2 bullfrogs (D:7)
  A gnoll sergeant (D:8)
  2 killer bees (D:9)
  An electric eel (D:7)
  8 orc priests
  2 jellies (D:6)
  2 iguanas
  Jessica (D:2)
  14 orc wizards
  3 gnolls (D:8)
  9 adders
  2 river rats (D:6)
  A white imp (D:5)
  An ufetubus (D:6)
  3 worms
  3 dart slugs
  43 orcs
  6 endoplasms
  4 giant cockroaches
  13 goblins
  10 hobgoblins
  8 jackals (D:3)
  2 quokkas
  8 ball pythons
  2 bats
  4 frilled lizards (D:2)
  15 kobolds
  8 rats
209 creatures vanquished.

Vanquished Creatures (others)
  11 plants (D:7)
11 creatures vanquished.

Grand Total: 220 creatures vanquished

Notes
Turn   | Place    | Note
-------+----------+-------------------------------------------
     0 | D:1      | qw the Gargoyle Fighter began the quest for the Orb.
     0 | D:1      | Reached XP level 1. HP: 14/14 MP: 1/1
     0 | D:1      | 0 ||| qw: Version: 0.2-a-12-gaebbb33
     0 | D:1      | 0 ||| qw: Game counter: 1176
     0 | D:1      | 0 ||| qw: Always use a shield: true
     0 | D:1      | 0 ||| qw: God list: Okawaru
     0 | D:1      | 0 ||| qw: Allow faded altars: false
     0 | D:1      | 0 ||| qw: Do Orc after D:15 true
     0 | D:1      | 0 ||| qw: Do second Lair branch before Depths: true
     0 | D:1      | 0 ||| qw: Lair rune preference: random
     0 | D:1      | 0 ||| qw: Plans: Normal, Zot:1-4, God:TSO, Crypt, Tomb,
                  | Pan, Slime:5, Hells, Abyss, Orb
     0 | D:1      | 0 ||| PLANNING D:1-11
   136 | D:1      | Reached skill level 2 in Axes
   137 | D:1      | HP: 3/14 [frozen (1)]
   505 | D:1      | 505 ||| Stepping ~*~*~tactically~*~*~ (hiding).
   515 | D:1      | Reached XP level 2. HP: 19/19 MP: 2/2
   954 | D:1      | 954 ||| READING scroll labelled ZIQUROLIEM.
   955 | D:1      | 955 ||| READING 3 scrolls labelled ZUXEOL VYUFOSH.
   956 | D:1      | 956 ||| READING 2 scrolls labelled ROOJAOFR DOWN.
   957 | D:1      | 957 ||| READING scroll labelled FUTHET JUUTI.
   958 | D:1      | 958 ||| READING 3 scrolls labelled WUROAG ATIOGE.
   959 | D:1      | 959 ||| READING scroll labelled WYERUOREAF.
   963 | D:1      | 963 ||| DROPPING 2 scrolls of magic mapping.
   964 | D:1      | 964 ||| DROPPING 2 scrolls of vulnerability.
  1063 | D:2      | 1063 ||| Stepping ~*~*~tactically~*~*~ (stealth).
  1066 | D:2      | 1066 ||| Stepping ~*~*~tactically~*~*~ (stealth).
  1105 | D:2      | Found Vunlionits's Assorted Antiques.
  1118 | D:2      | 1118 ||| BUYING coppery potion (23 gold).
  1118 | D:2      | Bought a coppery potion for 23 gold pieces
  1118 | D:2      | 1118 ||| BUYING scroll labelled OBIALO MEFONE (26 gold).
  1118 | D:2      | Bought a scroll labelled OBIALO MEFONE for 26 gold pieces
  1118 | D:2      | 1118 ||| SHOPLISTING scroll of identify (52 gold, have 15).
  1118 | D:2      | 1118 ||| SHOPLISTING scroll of teleportation (78 gold, have
                  | 15).
  1190 | D:2      | Reached skill level 3 in Axes
  1190 | D:2      | Reached XP level 3. HP: 18/23 MP: 3/3
  1190 | D:2      | 1190 ||| FLEEEEING.
  1191 | D:2      | 1191 ||| FLEEEEING.
  1192 | D:2      | 1192 ||| FLEEEEING.
  1193 | D:2      | 1193 ||| FLEEEEING.
  1194 | D:2      | 1194 ||| FLEEEEING.
  1195 | D:2      | 1195 ||| FLEEEEING.
  1196 | D:2      | 1196 ||| FLEEEEING.
  1197 | D:2      | 1197 ||| FLEEEEING.
  1198 | D:2      | 1198 ||| FLEEEEING.
  1199 | D:2      | 1199 ||| FLEEEEING.
  1200 | D:2      | 1200 ||| FLEEEEING.
  1201 | D:2      | 1201 ||| FLEEEEING.
  1202 | D:2      | 1202 ||| FLEEEEING.
  1203 | D:2      | 1203 ||| FLEEEEING.
  1204 | D:2      | 1204 ||| FLEEEEING.
  1205 | D:2      | 1205 ||| FLEEEEING.
  1206 | D:2      | 1206 ||| FLEEEEING.
  1207 | D:2      | 1207 ||| FLEEEEING.
  1208 | D:2      | 1208 ||| FLEEEEING.
  1209 | D:2      | 1209 ||| FLEEEEING.
  1210 | D:2      | 1210 ||| FLEEEEING.
  1211 | D:2      | 1211 ||| FLEEEEING.
  1212 | D:2      | 1212 ||| FLEEEEING.
  1213 | D:2      | 1213 ||| FLEEEEING.
  1214 | D:2      | 1214 ||| FLEEEEING.
  1215 | D:2      | 1215 ||| FLEEEEING.
  1216 | D:2      | 1216 ||| FLEEEEING.
  1217 | D:2      | 1217 ||| FLEEEEING.
  1218 | D:2      | 1218 ||| STAIRDANCE
  1255 | D:1      | 1255 ||| READING scroll labelled IQUPLOFAON.
  1256 | D:1      | 1256 ||| READING scroll labelled OBIALO MEFONE.
  1257 | D:1      | 1257 ||| DRINKING 3 coppery potions.
  1258 | D:1      | 1258 ||| DRINKING 2 clear potions.
  1361 | D:2      | Noticed Jessica
  1366 | D:2      | 1366 ||| Stepping ~*~*~tactically~*~*~ (hiding).
  1385 | D:2      | Killed Jessica
  1386 | D:2      | Reached XP level 4. HP: 19/28 MP: 4/4
  1625 | D:2      | Reached skill level 4 in Axes
  1728 | D:2      | 1728 ||| DROPPING +0 mace.
  1743 | D:2      | Found a runed translucent door.
  1744 | D:2      | Noticed Crazy Yiuf
  1895 | D:2      | 1895 ||| READING scroll of enchant weapon.
  1895 | D:2      | 1895 ||| ENCHANTING +1 war axe.
  2296 | D:3      | 2296 ||| STAIRDANCE
  2415 | D:3      | Reached XP level 5. HP: 32/32 MP: 5/5
  2620 | D:3      | Reached skill level 5 in Axes
  2681 | D:3      | 2681 ||| SWAPPING to +0 broad axe.
  2682 | D:3      | 2682 ||| DROPPING +2 war axe.
  2691 | D:3      | 2691 ||| READING scroll of enchant weapon.
  2691 | D:3      | 2691 ||| ENCHANTING +0 broad axe.
  3184 | D:4      | 3184 ||| READING scroll of enchant weapon.
  3184 | D:4      | 3184 ||| ENCHANTING +1 broad axe.
  3198 | D:4      | 3198 ||| Stepping ~*~*~tactically~*~*~ (hiding).
  3208 | D:4      | 3208 ||| DRINKING 2 potions of curing.
  3208 | D:4      | 3208 ||| (to cure confusion)
  3214 | D:4      | Reached skill level 1 in Dodging
  3214 | D:4      | Reached XP level 6. HP: 23/38 MP: 6/6
  3215 | D:4      | 3215 ||| FLEEEEING.
  3216 | D:4      | 3216 ||| FLEEEEING.
  3217 | D:4      | 3217 ||| FLEEEEING.
  3218 | D:4      | 3218 ||| FLEEEEING.
  3219 | D:4      | 3219 ||| FLEEEEING.
  3220 | D:4      | 3220 ||| FLEEEEING.
  3221 | D:4      | 3221 ||| FLEEEEING.
  3222 | D:4      | 3222 ||| FLEEEEING.
  3223 | D:4      | 3223 ||| FLEEEEING.
  3224 | D:4      | 3224 ||| FLEEEEING.
  3225 | D:4      | 3225 ||| FLEEEEING.
  3227 | D:4      | 3227 ||| FLEEEEING.
  3228 | D:4      | 3228 ||| FLEEEEING.
  3230 | D:4      | 3230 ||| FLEEEEING.
  3231 | D:4      | 3231 ||| FLEEEEING.
  3232 | D:4      | 3232 ||| FLEEEEING.
  3233 | D:4      | 3233 ||| FLEEEEING.
  3234 | D:4      | 3234 ||| FLEEEEING.
  3235 | D:4      | 3235 ||| FLEEEEING.
  3236 | D:4      | 3236 ||| FLEEEEING.
  3237 | D:4      | 3237 ||| FLEEEEING.
  3238 | D:4      | 3238 ||| FLEEEEING.
  3239 | D:4      | 3239 ||| STAIRDANCE
  3332 | D:3      | 3332 ||| READING scroll labelled AMIMAP DUJUN.
  3333 | D:3      | 3333 ||| READING 2 scrolls of identify.
  3333 | D:3      | 3333 ||| IDENTIFYING bubbling blue potion
  3336 | D:4      | 3336 ||| STAIRDANCE
  3338 | D:4      | 3338 ||| STAIRDANCE
  3340 | D:3      | 3340 ||| DRINKING potion of curing.
  3340 | D:3      | 3340 ||| (to cure confusion)
  3349 | D:4      | 3349 ||| STAIRDANCE
  3357 | D:4      | 3357 ||| STAIRDANCE
  3659 | D:4      | 3659 ||| Stepping ~*~*~tactically~*~*~ (stealth).
  3871 | D:4      | HP: 4/38 [orc priest/divine providence (17)]
  3872 | D:4      | 3872 ||| DRINKING potion of heal wounds.
  3879 | D:4      | HP: 2/38 [orc/+1 hand axe of venom (3)]
  4051 | D:4      | 4051 ||| Stepping ~*~*~tactically~*~*~ (stealth).
  4249 | D:4      | Reached skill level 6 in Axes
  4249 | D:4      | Reached XP level 7. HP: 43/43 MP: 7/7
  4556 | D:4      | 4556 ||| UPGRADING to +6 ring of dexterity.
  4557 | D:4      | 4557 ||| DRINKING 2 ruby potions.
  4558 | D:4      | 4558 ||| READING 2 scrolls of identify.
  4558 | D:4      | 4558 ||| IDENTIFYING smoky puce potion
  4559 | D:4      | 4559 ||| DROPPING potion of flight.
  4582 | D:5      | Entered Level 5 of the Dungeon
  4582 | D:5      | Found a transporter.
  4657 | D:5      | Found a transporter.
  4705 | D:5      | Reached skill level 7 in Axes
  4707 | D:5      | 4707 ||| FLEEEEING.
  4712 | D:5      | 4712 ||| STAIRDANCE
  4757 | D:4      | 4757 ||| UPGRADING to +0 plate armour.
  4767 | D:4      | 4767 ||| DROPPING +0 scale mail.
  4826 | D:5      | 4826 ||| Stepping ~*~*~tactically~*~*~ (hiding).
  4845 | D:5      | 4845 ||| DROPPING +0 flail.
  4923 | D:5      | 4923 ||| DROPPING +3 flail.
  4924 | D:5      | 4924 ||| READING scroll of enchant weapon.
  4924 | D:5      | 4924 ||| ENCHANTING +2 broad axe.
  5124 | D:5      | Found a staircase to the Ecumenical Temple.
  5125 | D:5      | 5125 ||| PLANNING TEMPLE
  5125 | D:5      | 5125 ||| UPGRADING to +0 pair of gloves of strength.
  5130 | D:5      | 5130 ||| READING 2 scrolls of identify.
  5130 | D:5      | 5130 ||| IDENTIFYING viscous red potion
  5131 | D:5      | 5131 ||| DROPPING potion of ambrosia.
  5140 | Temple   | Entered the Ecumenical Temple
  5140 | Temple   | Found a transporter.
  5140 | Temple   | Found a transporter.
  5142 | Temple   | Found a transporter.
  5142 | Temple   | Found a transporter.
  5152 | Temple   | 5152 ||| PLANNING D:1-11
  5307 | D:5      | 5307 ||| Stepping randomly (stuck).
  5309 | D:5      | 5309 ||| Stepping randomly (stuck).
  5316 | D:5      | Reached XP level 8. HP: 41/49 MP: 8/8
  5317 | D:5      | Reached skill level 1 in Throwing
  5567 | D:6      | 5567 ||| PLANNING SEWER
  5602 | D:6      | 5602 ||| Stepping ~*~*~tactically~*~*~ (stealth).
  5603 | D:6      | 5603 ||| Stepping ~*~*~tactically~*~*~ (stealth).
  5612 | D:6      | 5612 ||| Stepping ~*~*~tactically~*~*~ (stealth).
  5718 | D:6      | 5718 ||| Stepping ~*~*~tactically~*~*~ (hiding).
  5719 | D:6      | 5719 ||| Stepping ~*~*~tactically~*~*~ (hiding).
  5750 | D:6      | 5750 ||| FLEEEEING.
  5751 | D:6      | 5751 ||| FLEEEEING.
  5752 | D:6      | 5752 ||| Stepping ~*~*~tactically~*~*~ (stealth).
  5756 | D:6      | 5756 ||| FLEEEEING.
  5852 | D:6      | 5852 ||| Stepping ~*~*~tactically~*~*~ (stealth).
  5854 | D:6      | 5854 ||| Stepping ~*~*~tactically~*~*~ (stealth).
  5856 | D:6      | 5856 ||| Stepping ~*~*~tactically~*~*~ (stealth).
  5859 | D:6      | 5859 ||| Stepping ~*~*~tactically~*~*~ (stealth).
  5860 | D:6      | 5860 ||| Stepping ~*~*~tactically~*~*~ (stealth).
  5870 | D:6      | 5870 ||| Stepping ~*~*~tactically~*~*~ (stealth).
  5882 | D:6      | Reached skill level 8 in Axes
  5961 | D:6      | 5961 ||| Stepping ~*~*~tactically~*~*~ (stealth).
  5963 | D:6      | 5963 ||| Stepping ~*~*~tactically~*~*~ (stealth).
  6089 | D:6      | 6089 ||| Stepping ~*~*~tactically~*~*~ (stealth).
  6095 | D:6      | Reached skill level 6 in Fighting
  6181 | D:6      | Found a glowing drain.
  6182 | D:6      | 6182 ||| Stepping ~*~*~tactically~*~*~ (water).
  6191 | D:6      | 6191 ||| UPGRADING to +0 pair of boots.
  6196 | D:6      | 6196 ||| DROPPING +6 ring of intelligence.
  6197 | D:6      | 6197 ||| READING 3 scrolls of identify.
  6197 | D:6      | 6197 ||| IDENTIFYING puce potion
  6198 | D:6      | 6198 ||| READING 2 scrolls of identify.
  6198 | D:6      | 6198 ||| IDENTIFYING glowing yellow potion
  6199 | D:6      | 6199 ||| DROPPING potion of berserk rage.
  6266 | D:6      | 6266 ||| RIP SEWER
  6266 | D:6      | 6266 ||| PLANNING D:1-11
  6449 | D:7      | Reached XP level 9. HP: 55/56 MP: 9/9
  6547 | D:7      | 6547 ||| DRINKING potion of curing.
  6547 | D:7      | 6547 ||| (to cure confusion)
  6857 | D:7      | 6857 ||| Stepping ~*~*~tactically~*~*~ (hiding).
  6968 | D:7      | 6968 ||| Stepping ~*~*~tactically~*~*~ (stealth).
  6970 | D:7      | 6970 ||| Stepping ~*~*~tactically~*~*~ (stealth).
  6972 | D:7      | 6972 ||| Stepping ~*~*~tactically~*~*~ (stealth).
  6985 | D:7      | 6985 ||| Stepping ~*~*~tactically~*~*~ (water).
  6990 | D:7      | Reached skill level 9 in Axes
  7208 | D:7      | 7208 ||| UPGRADING to amulet of guardian spirit.
  7213 | D:7      | 7213 ||| READING scroll labelled PAOMIJ QAEH.
  7297 | D:8      | Found a flagged portal.
  7299 | D:8      | 7299 ||| Stepping ~*~*~tactically~*~*~ (hiding).
  7325 | D:8      | 7325 ||| DRINKING 2 potions of curing.
  7325 | D:8      | 7325 ||| (to cure confusion)
  7329 | D:8      | 7329 ||| Stepping ~*~*~tactically~*~*~ (water).
  7449 | D:8      | 7449 ||| Stepping ~*~*~tactically~*~*~ (hiding).
  7574 | D:8      | Found a glowing golden altar of the Shining One.
  7576 | D:8      | Found an iron altar of Okawaru.
  7612 | D:8      | Reached skill level 6 in Armour
  7827 | D:8      | 7827 ||| DRINKING 2 viscous clear potions.
  7952 | D:8      | Found a glowing silver altar of Zin.
  8006 | D:8      | Found a snail-covered altar of Cheibriados.
  8007 | D:8      | Found a burning altar of Makhleb.
  8010 | D:8      | Found a hide-covered altar of Uskayaw.
  8097 | D:9      | Noticed a centaur warrior
  8098 | D:9      | 8098 ||| Stepping ~*~*~tactically~*~*~ (hiding).
  8111 | D:9      | Killed a centaur warrior
  8112 | D:9      | Reached skill level 10 in Axes
  8112 | D:9      | Reached XP level 10. HP: 50/63 MP: 10/10
  8221 | D:9      | 8221 ||| Stepping ~*~*~tactically~*~*~ (hiding).
  8232 | D:9      | 8232 ||| Stepping ~*~*~tactically~*~*~ (stealth).
  8269 | D:9      | 8269 ||| Stepping ~*~*~tactically~*~*~ (stealth).
  8273 | D:9      | 8273 ||| Stepping ~*~*~tactically~*~*~ (stealth).
  8288 | D:9      | Reached skill level 3 in Throwing
  8405 | D:9      | 8405 ||| Stepping ~*~*~tactically~*~*~ (stealth).
  8406 | D:9      | 8406 ||| Stepping ~*~*~tactically~*~*~ (stealth).
  8417 | D:9      | HP: 12/64 [queen bee (11)]
  8418 | D:9      | 8418 ||| READING scroll of teleportation.
  8419 | D:9      | 8419 ||| DRINKING 5 potions of heal wounds.
  8430 | D:9      | 8430 ||| DRINKING 2 potions of curing.
  8430 | D:9      | 8430 ||| (to cure confusion)
  8433 | D:9      | HP: 10/64 [slime creature (10)]
  8434 | D:9      | 8434 ||| DRINKING 4 potions of heal wounds.
  8439 | D:9      | HP: 14/64 [slime creature (8)]
  8440 | D:9      | 8440 ||| DRINKING 3 potions of heal wounds.
  8709 | D:9      | Noticed Harold
  8719 | D:9      | Killed Harold
  8720 | D:9      | Reached skill level 11 in Axes
  8747 | D:9      | 8747 ||| Stepping ~*~*~tactically~*~*~ (hiding).
  8921 | D:9      | 8921 ||| Stepping ~*~*~tactically~*~*~ (stealth).
  8961 | D:9      | 8961 ||| Stepping ~*~*~tactically~*~*~ (stealth).
  8963 | D:9      | 8963 ||| Stepping ~*~*~tactically~*~*~ (stealth).
  8971 | D:9      | HP: 1/64 [enormous slime creature (50)]
  8972 | D:9      | 8972 ||| DRINKING 2 potions of heal wounds.
  8975 | D:9      | 8975 ||| DRINKING potion of heal wounds.
  8976 | D:9      | HP: 14/64 [slime creature (7)]
  8977 | D:9      | Slain by a large slime creature

Levels and vault maps discovered:
D:1:      minmay_arrival_doors, layout_basic
D:2:      minmay_diamond_boxcup, layout_loops_ring, serial_shops, shop,
          minmay_splitting_lines, corexii_shack, kennysheep_donut,
          minmay_misc_feat_pillars, grunt_ministairs_4, uniq_crazy_yiuf_cottage,
          uniq_jessica
D:3:      layout_basic
D:4:      layout_basic, supply_closet_lemuel
D:5:      gammafunk_steamed_eel, layout_loops_ring, minmay_temple_entry_poolview
D:6:      layout_rooms, portal_sewer_entry_e
D:7:      layout_basic, serial_bayou_ford_a
D:8:      layout_basic, zin_statuary, nicolae_overflow_hidden_temple,
          enter_bailey_5
D:9:      layout_roguey [special_room_bee], mainiacjoe_overflow_surrounded_room,
          uniq_harold
Temple:   hellmonk_temple_divided_pantheon

Skill      XL: |  1  2  3  4  5  6  7  8  9 10 |
---------------+-------------------------------+-----
Axes           | 2 3 4 5 6 7 8 10 11 | 11.0
Fighting       | 4 5 6 7 8 |  8.3
Dodging        | 1 2 |  2.0
Throwing       | 2 3 |  3.1
Armour         | 5 6 7 |  7.1
Shields        | 4 5 |  5.0

Action                   |  1- 3 |  4- 6 |  7- 9 | 10-12 || total
-------------------------+-------+-------+-------+-------++-------
Melee: War axe           |    55 |    74 |       |       ||   129
       Broad axe         |       |    75 |   232 |    83 ||   390
Throw: Boomerang         |       |    31 |    12 |       ||    43
       Javelin           |       |       |    26 |    11 ||    37
  Use: Scroll            |     8 |     5 |     6 |     1 ||    20
       Potion            |     2 |     3 |     4 |     6 ||    15
Armor: Scale mail        |    19 |    74 |     7 |       ||   100
       Plate armour      |       |       |   169 |    57 ||   226
       Skin              |       |       |    11 |       ||    11
Dodge: Dodged            |    13 |    53 |    84 |    40 ||   190
Block: Buckler           |     6 |    23 |    50 |    29 ||   108

Table legend:
 A = Non-vault XP
 B = Vault XP
 C = Vault XP percentage of total XP
 D = Non-vault monster count
 E = Vault monster count
 F = Vault count percentage of total count
                 A         B        C        D         E       F
            +---------+---------+-------+---------+---------+-------
      Total |    7310 |    1034 |  12.4 |     183 |      26 |  12.4
            +---------+---------+-------+---------+---------+-------
        D:1 |      17 |       0 |   0.0 |       8 |       0 |   0.0
        D:2 |      36 |     105 |  74.5 |      15 |      13 |  46.4
        D:3 |     132 |       0 |   0.0 |      28 |       0 |   0.0
        D:4 |     360 |       0 |   0.0 |      23 |       0 |   0.0
        D:5 |     609 |       0 |   0.0 |      21 |       0 |   0.0
        D:6 |     991 |      35 |   3.4 |      34 |       8 |  19.0
        D:7 |     921 |       0 |   0.0 |      15 |       0 |   0.0
        D:8 |    1120 |       8 |   0.7 |      18 |       4 |  18.2
        D:9 |    3124 |     886 |  22.1 |      21 |       1 |   4.5
            +---------+---------+-------+---------+---------+-------
